Dernière mise à jour: 2025-12-07 16:11:59
% Time on Ice - COLORADO GLACIERCATS
Lines # - Real PCT - Wanted PCT - Time Play
Normal Forward
1 - 34% - 35% - 16:49
2 - 31% - 35% - 15:12
3 - 27% - 29% - 13:25
4 - 8% - 1% - 3:47
Normal Defense
1 - 35% - 37% - 17:02
2 - 37% - 35% - 17:58
3 - 25% - 23% - 12:27
4 - 4% - 5% - 1:46
PP Forward
1 - 53% - 50% - 3:10
2 - 47% - 50% - 2:47
PP Defense
1 - 55% - 60% - 3:17
2 - 45% - 40% - 2:40
PK Forward
1 - 50% - 50% - 1:59
2 - 50% - 50% - 1:59
PK Defense
1 - 58% - 50% - 2:19
2 - 42% - 50% - 1:39
PK3 Forward
1 - 0% - 50%
2 - 0% - 50%
PK3 Defense
1 - 0% - 50%
2 - 0% - 50%
44 Forward
1 - 0% - 50%
2 - 0% - 50%
44 Defense
1 - 0% - 50%
2 - 0% - 50%
Last Minute Offensive  - 0:00
Last Minute Defensive  - 0:52
Total
Forward - 60:00
Defense - 60:00
% Time on Ice - SASKATOON DUCKS
Lines # - Real PCT - Wanted PCT - Time Play
Normal Forward
1 - 38% - 36% - 18:54
2 - 24% - 31% - 11:45
3 - 19% - 23% - 9:28
4 - 19% - 10% - 9:35
Normal Defense
1 - 34% - 36% - 17:07
2 - 34% - 31% - 16:55
3 - 29% - 23% - 14:17
4 - 3% - 10% - 1:23
PP Forward
1 - 57% - 55% - 2:15
2 - 43% - 45% - 1:43
PP Defense
1 - 63% - 55% - 2:30
2 - 37% - 45% - 1:28
PK Forward
1 - 66% - 55% - 3:54
2 - 34% - 45% - 2:03
PK Defense
1 - 58% - 55% - 3:26
2 - 42% - 45% - 2:31
PK3 Forward
1 - 0% - 55%
2 - 0% - 45%
PK3 Defense
1 - 0% - 55%
2 - 0% - 45%
44 Forward
1 - 0% - 55%
2 - 0% - 45%
44 Defense
1 - 0% - 55%
2 - 0% - 45%
Last Minute Offensive  - 0:23
Last Minute Defensive  - 0:00
Total
Forward - 60:00
Defense - 60:00
Play-by-Play 1st period 0:01 of 1st period - Leon Draisaitl wins face-off versus Sidney Crosby in neutral zone. 0:16 of 1st period - Shot by Tomas Hertl. 0:16 of 1st period - Stopped by Cayden Primeau with a rebound. 0:18 of 1st period - Shot by Tomas Hertl. 0:18 of 1st period - Stopped by Cayden Primeau without a rebound. 0:19 of 1st period - Jordan Staal wins face-off versus Tage Thompson in SASKATOON DUCKS zone. 0:26 of 1st period - Shot by Jamie Benn. 0:26 of 1st period - Shot Misses the Net. 1:25 of 1st period - Zach Parise is hit by Emil Martinsen Lilleberg and loses puck. 1:43 of 1st period - Shot by Mathieu Joseph. 1:43 of 1st period - Deflect By Cam Atkinson. 1:43 of 1st period - Shot Misses the Net. 1:45 of 1st period - Shot by Cam Atkinson. 1:45 of 1st period - Deflect By Robert Fabbri. 1:45 of 1st period - Shot Misses the Net. 1:58 of 1st period - Cam Atkinson is hit by Jamie Oleksiak. 2:18 of 1st period - Shot by Sidney Crosby. 2:18 of 1st period - Deflect By Jake Guentzel. 2:18 of 1st period - Stopped by Andrei Vasilevskiy with a rebound. 2:20 of 1st period - Shot by Sidney Crosby. 2:20 of 1st period - Shot Misses the Net. 2:22 of 1st period - Shot by Jake Sanderson. 2:22 of 1st period - Shot Blocked by Jamie Oleksiak. 2:24 of 1st period - Shot by Jake Sanderson. 2:24 of 1st period - Shot Blocked by Dylan Samberg. 2:26 of 1st period - Shot by T.J. Brodie. 2:26 of 1st period - Shot Misses the Net. 2:28 of 1st period - Shot by Jake Guentzel. 2:28 of 1st period - Stopped by Andrei Vasilevskiy without a rebound. 2:29 of 1st period - Ryan Strome wins face-off versus Leon Draisaitl in COLORADO GLACIERCATS zone. 2:32 of 1st period - Shot by Kasperi Kapanen. 2:32 of 1st period - Shot Blocked by Devon Toews. 2:35 of 1st period - Minor Penalty to Erik Karlsson for Slashing. 2:36 of 1st period - Sidney Crosby wins face-off versus Leon Draisaitl in COLORADO GLACIERCATS zone. 2:51 of 1st period - Shot by Sidney Crosby. 2:51 of 1st period - Stopped by Andrei Vasilevskiy without a rebound. 2:52 of 1st period - Jordan Staal wins face-off versus Nic Dowd in COLORADO GLACIERCATS zone. 3:00 of 1st period - Shot by T.J. Brodie. 3:00 of 1st period - Stopped by Andrei Vasilevskiy with a rebound. 3:04 of 1st period - Shot by Jordan Staal. 3:04 of 1st period - Deflect By Ivan Barbashev. 3:04 of 1st period - Shot Misses the Net. 3:52 of 1st period - Icing by Samuel Girard. 3:53 of 1st period - Leon Draisaitl wins face-off versus Sidney Crosby in SASKATOON DUCKS zone. 4:11 of 1st period - Samuel Girard is hit by Keegan Kolesar and loses puck. 4:27 of 1st period - Off-side. 4:28 of 1st period - Jordan Staal wins face-off versus Nic Dowd in neutral zone. 5:51 of 1st period - Off-side. 5:52 of 1st period - Robert Fabbri wins face-off versus Tage Thompson in neutral zone. 6:00 of 1st period - Mathieu Joseph is hit by Tage Thompson and loses puck. 6:17 of 1st period - Shot by Tage Thompson. 6:17 of 1st period - Shot Blocked by Mathieu Joseph. 6:19 of 1st period - Shot by Jamie Benn. 6:19 of 1st period - Deflect By Tage Thompson. 6:19 of 1st period - Shot Misses the Net. 6:21 of 1st period - Shot by Mario Ferraro. 6:21 of 1st period - Shot Misses the Net. 7:32 of 1st period - Shot by Sidney Crosby. 7:32 of 1st period - Goal by Sidney Crosby - COLORADO GLACIERCATS : 0 - SASKATOON DUCKS : 1. 7:33 of 1st period - Jordan Staal wins face-off versus Tage Thompson in neutral zone. 7:48 of 1st period - Shot by Ondrej Palat. 7:48 of 1st period - Shot Misses the Net. 8:01 of 1st period - Shot by Ondrej Palat. 8:01 of 1st period - Shot Misses the Net. 8:03 of 1st period - Shot by Ryan Strome. 8:03 of 1st period - Stopped by Andrei Vasilevskiy without a rebound. 8:04 of 1st period - Leon Draisaitl wins face-off versus Sidney Crosby in COLORADO GLACIERCATS zone. 8:15 of 1st period - Shot by Jake Guentzel. 8:15 of 1st period - Deflect By Sidney Crosby. 8:15 of 1st period - Stopped by Andrei Vasilevskiy without a rebound. 8:16 of 1st period - Sidney Crosby wins face-off versus Nic Dowd in COLORADO GLACIERCATS zone. 8:16 of 1st period - Jake Guentzel is hit by Vince Dunn and loses puck. 8:17 of 1st period - Jake Guentzel from SASKATOON DUCKS is injured at 8:17 of 1st period (Torso). 8:18 of 1st period - Leon Draisaitl wins face-off versus Ryan Strome in COLORADO GLACIERCATS zone. 8:37 of 1st period - Shot by Tomas Hertl. 8:37 of 1st period - Stopped by Cayden Primeau without a rebound. 8:38 of 1st period - Tage Thompson wins face-off versus Mathieu Joseph in SASKATOON DUCKS zone. 9:00 of 1st period - Sidney Crosby is hit by Devon Toews and loses puck. 10:31 of 1st period - Nic Dowd is hit by Ondrej Palat. 10:34 of 1st period - Off-side. 10:35 of 1st period - Robert Fabbri wins face-off versus Nic Dowd in neutral zone. 11:45 of 1st period - Shot by Sidney Crosby. 11:45 of 1st period - Shot Misses the Net. 11:51 of 1st period - Shot by Jordan Staal. 11:51 of 1st period - Stopped by Andrei Vasilevskiy without a rebound. 11:52 of 1st period - Ryan Strome wins face-off versus Tage Thompson in COLORADO GLACIERCATS zone. 12:08 of 1st period - Icing by Jake Sanderson. 12:09 of 1st period - Ryan Strome wins face-off versus Leon Draisaitl in SASKATOON DUCKS zone. 13:06 of 1st period - Mathieu Joseph is hit by Devon Toews and loses puck. 13:16 of 1st period - Ivan Barbashev is hit by Devon Toews. 13:29 of 1st period - Shot by Sidney Crosby. 13:29 of 1st period - Stopped by Andrei Vasilevskiy without a rebound. 13:30 of 1st period - Robert Fabbri wins face-off versus Tage Thompson in COLORADO GLACIERCATS zone. 13:31 of 1st period - Shot by Cam Atkinson. 13:31 of 1st period - Shot Misses the Net. 13:33 of 1st period - Shot by Mathieu Joseph. 13:33 of 1st period - Shot Misses the Net. 13:35 of 1st period - Shot by Mathieu Joseph. 13:35 of 1st period - Stopped by Andrei Vasilevskiy without a rebound. 13:36 of 1st period - Nic Dowd wins face-off versus Ryan Strome in COLORADO GLACIERCATS zone. 13:53 of 1st period - Icing by Erik Gustafsson. 13:54 of 1st period - Jordan Staal wins face-off versus Tage Thompson in SASKATOON DUCKS zone. 14:16 of 1st period - Jamie Benn is hit by Emil Martinsen Lilleberg and loses puck. 14:30 of 1st period - Shot by Jamie Benn. 14:30 of 1st period - Stopped by Cayden Primeau without a rebound. 14:31 of 1st period - Sidney Crosby wins face-off versus Leon Draisaitl in SASKATOON DUCKS zone. 14:50 of 1st period - Shot by Tomas Hertl. 14:50 of 1st period - Stopped by Cayden Primeau with a rebound. 15:36 of 1st period - Shot by Mike Hoffman. 15:36 of 1st period - Stopped by Cayden Primeau without a rebound. 15:37 of 1st period - Tage Thompson wins face-off versus Jordan Staal in SASKATOON DUCKS zone. 15:48 of 1st period - Shot by Jamie Benn. 15:48 of 1st period - Deflect By Tage Thompson. 15:48 of 1st period - Shot Misses the Net. 16:10 of 1st period - Shot by Ondrej Palat. 16:10 of 1st period - Shot Misses the Net. 16:12 of 1st period - Shot by Samuel Girard. 16:12 of 1st period - Stopped by Andrei Vasilevskiy without a rebound. 16:13 of 1st period - Robert Fabbri wins face-off versus Nic Dowd in COLORADO GLACIERCATS zone. 17:07 of 1st period - Off-side. 17:08 of 1st period - Tage Thompson wins face-off versus Ryan Strome in neutral zone. 17:13 of 1st period - Icing by Samuel Girard. 17:14 of 1st period - Tage Thompson wins face-off versus Ryan Strome in SASKATOON DUCKS zone. 17:46 of 1st period - Shot by Jamie Benn. 17:46 of 1st period - Stopped by Cayden Primeau without a rebound. 17:47 of 1st period - Leon Draisaitl wins face-off versus Sidney Crosby in SASKATOON DUCKS zone. 17:48 of 1st period - Shot by Tomas Hertl. 17:48 of 1st period - Stopped by Cayden Primeau with a rebound. 18:42 of 1st period - Ondrej Palat is hit by Joshua Roy and loses puck. 19:34 of 1st period - Ryan Strome is hit by Vince Dunn and loses puck. Goals for this period are 0 for COLORADO GLACIERCATS vs 1 for SASKATOON DUCKS. Shots for this period are 8 for COLORADO GLACIERCATS vs 11 for SASKATOON DUCKS. 2nd period 0:01 of 2nd period - Robert Fabbri wins face-off versus Cole Perfetti in neutral zone. 0:28 of 2nd period - Shot by Mathieu Joseph. 0:28 of 2nd period - Shot Misses the Net. 0:34 of 2nd period - Shot by Robert Fabbri. 0:34 of 2nd period - Shot Blocked by De